Map: Tempestad

Players

MrFercho

  • Race: Terran Terran
  • Spawn Location: 11:00

tigro

  • Race: Terran Terran
  • Spawn Location: 12:00

IA (Media)

  • Race: Protoss Protoss
  • Spawn Location: 7:00

IA (Media)

  • Race: Terran Terran
  • Spawn Location: 1:00

IA (Media)

  • Race: Terran Terran
  • Spawn Location: 5:00

IA (Media)

  • Race: Protoss Protoss
  • Spawn Location: 6:00

VOD

Have the link to the VOD?

Description

Time

  • Played on: Nov. 19, 2018, 4:20 p.m.
  • Length: 21:37
Show
View Real Time Build Order
Export as new Build Order

MrFercho Terran 

Build Orders:  

Get SALT Encoding   

  12  0:03  SCV  
  13  0:26  Supply Depot  
  13  0:29  SCV  
  14  0:40  Supply Depot  
  14  0:43  SCV  
  14  0:44  Refinery  
  15  0:55  SCV  
  16  1:07  SCV  
  17  1:14  Refinery  
  17  1:19  SCV  
  18  1:27  Barracks  
  18  1:32  SCV  
  19  1:44  SCV  
  20  1:56  SCV  
  21  2:02  Barracks  
  21  2:06  Engineering Bay  
  21  2:08  SCV  
  22  2:15  Barracks Tech Lab  
  22  2:20  SCV  
  23  2:32  SCV  
  23  2:33  Engineering Bay  
  24  2:40  Marine  
  25  2:58  Marine  
  25  3:02  Supply Depot  
  26  3:16  Marauder  
  28  3:23  Barracks Tech Lab  
  28  3:25  Supply Depot  
  28  3:27  Factory  
  28  3:31  Orbital Command  
  28  3:38  Marauder  
  30  3:47  Supply Depot  
  30  4:11  Factory  
  28  4:47  Factory Tech Lab  
  28  4:57  Marauder x2  
  32  5:17  Marine  
  32  5:18  Marine  
  34  5:23  Refinery  
  34  5:24  Command Center  
  34  5:25  Refinery  
  34  5:53  Sensor Tower  
  34  6:03  Sensor Tower  
  34  6:19  Factory Tech Lab  
  34  6:30  Sensor Tower  
  34  6:31  Armory, Terran Infantry Weapons Level 1  
  34  6:32  Sensor Tower  
  34  6:38  SCV  
  35  6:50  SCV  
  35  6:51  Orbital Command  
  36  6:56  Missile Turret  
  36  7:10  Missile Turret  
  36  7:18  Armory  
  36  7:23  Missile Turret  
  36  7:31  Siege Tank x2  
  36  7:35  Missile Turret  
  42  7:44  SCV x2  
  44  7:56  SCV x2  
  46  8:05  Armory  
  46  8:08  SCV x2  
  48  8:20  SCV x2  
  48  8:22  Starport  
  50  8:59  Starport  
  50  9:02  Starport Tech Lab  
  50  9:09  Thor  
  56  9:15  Cyclone  
  59  9:44  Starport Tech Lab  
  59  9:47  Cyclone  
  59  9:52  Cyclone  
  65  9:53  Terran Ship Weapons Level 1, Terran Vehicle Weapons Level 1  
  65  9:54  Terran Vehicle And Ship Armor Level 1  
  65  9:56  Terran Infantry Weapons Level 2  
  65  9:57  Terran Infantry Armor Level 1  
  65  10:05  Combat Shield  
  65  10:08  Concussive Shells  
  65  10:19  Cyclone  
  68  10:58  Banshee x2  
  74  11:41  Banshee x2  
  80  11:51  Neosteel Armor  
  80  12:03  Cyclone x2  
  80  12:06  Marine x2  
  88  12:12  Neosteel Frame  
  88  12:24  Viking x2, Marine  
  88  12:25  Marauder  
  95  12:35  Cyclone  
  98  12:42  Marauder  
  94  12:46  Marauder  
  96  12:54  Raven  
  98  13:31  Hi-Sec Auto Tracking  
  94  14:47  Thor x2  
  106  14:56  Supply Depot  
  106  14:58  Supply Depot x2  
  106  15:21  Supply Depot x2  
  106  15:24  Supply Depot  
  106  15:46  Supply Depot  
  106  15:47  Supply Depot  
  106  15:52  Thor x2  
  86  16:35  Siege Tank x2  
  92  16:50  Marauder x2  
  96  17:06  Fusion Core  
  96  17:07  Cyclone, Siege Tank  
  102  17:09  Terran Vehicle Weapons Level 2, Terran Ship Weapons Level 2  
  102  17:10  Terran Vehicle And Ship Armor Level 2  
  102  17:11  Marauder  
  102  17:12  Marauder, Ghost Academy  
  102  17:13  Terran Infantry Weapons Level 3, Terran Infantry Armor Level 2  
  106  17:18  Infernal Pre-Igniter  
  106  17:20  Drilling Claws  
  106  17:32  Marine x2  
  108  17:39  Cyclone x2  
  98  17:50  Marine x2  
  80  18:37  Smart Servos  
  80  18:44  Command Center  
  80  20:14  Refinery  
  80  20:16  Refinery  
  80  20:19  Command Center, Refinery  
  80  20:22  Refinery  
  80  20:32  Battlecruiser  
Show
View Real Time Build Order
Export as new Build Order

tigro Terran 

Build Orders:  

Get SALT Encoding   

  12  0:05  SCV  
  13  0:23  Supply Depot  
  13  0:37  Refinery  
  13  0:45  Refinery  
  13  0:46  SCV  
  14  0:58  SCV  
  15  1:10  Barracks  
  15  1:11  SCV  
  16  1:20  Engineering Bay  
  16  1:23  SCV  
  17  1:46  SCV  
  18  1:51  Supply Depot  
  18  1:58  SCV  
  19  2:03  Barracks Tech Lab  
  19  2:22  Missile Turret  
  19  2:23  Marine  
  19  2:27  Combat Shield  
  20  2:41  Marine  
  20  2:42  SCV  
  22  2:54  SCV  
  23  2:59  Marine  
  24  3:16  Marine  
  25  3:27  Command Center  
  25  3:34  Marine  
  26  3:53  Marauder  
  28  4:07  Stimpack, Orbital Command  
  28  4:14  Marauder  
  28  4:16  Terran Infantry Weapons Level 1  
  30  4:39  Marauder  
  32  5:01  Planetary Fortress, Refinery  
  32  5:08  SCV  
  33  5:21  SCV  
  34  5:33  SCV  
  35  5:45  SCV  
  35  5:47  Bunker, Concussive Shells  
  36  5:53  Factory  
  36  5:57  SCV  
  37  6:10  Terran Infantry Armor Level 1  
  37  6:22  Refinery  
  37  6:40  SCV  
  37  6:41  Missile Turret  
  38  6:51  Factory Tech Lab  
  38  6:52  SCV, Missile Turret  
  39  6:54  Marine  
  40  7:12  Marine  
  41  7:25  Supply Depot  
  41  7:30  Marine  
  41  7:32  Armory  
  42  7:43  Siege Tank  
  45  7:48  Marine  
  46  8:04  Hi-Sec Auto Tracking  
  46  8:06  Marine  
  46  8:08  Starport  
  47  8:15  Siege Tank  
  50  8:48  Siege Tank  
  53  8:49  Starport Tech Lab  
  53  8:50  Infernal Pre-Igniter, Missile Turret  
  53  9:01  Neosteel Frame  
  53  9:17  Missile Turret  
  53  9:58  Fusion Core  
  53  10:06  SCV  
  54  10:09  Rapid Fire Launchers  
  54  10:15  Terran Vehicle Weapons Level 1  
  54  10:20  Neosteel Armor  
  54  10:27  Rapid Reignition System  
  54  10:54  Supply Depot  
  54  11:16  Medivac, Siege Tank, SCV  
  60  11:23  Corvid Reactor  
  60  11:27  Drilling Claws  
  60  11:52  Marauder  
  62  11:59  Terran Infantry Weapons Level 2  
  62  12:10  Terran Vehicle And Ship Armor Level 1  
  62  12:42  Cloaking Field  
  62  12:46  Smart Servos  
  62  14:00  Marauder  
  62  14:01  Hyperflight Rotors, Thor  
  61  14:04  Terran Ship Weapons Level 1  
  60  14:15  Terran Infantry Armor Level 2  
  60  14:21  Marauder  
  62  15:21  Supply Depot  
  62  15:24  Command Center  
  62  15:43  Marauder, Battlecruiser  
  70  16:09  Refinery  
  70  16:18  Refinery  
  70  16:35  Siege Tank  
  70  16:36  Marauder  
  75  16:42  Planetary Fortress  
  75  16:47  Battlecruiser  
  75  16:53  Missile Turret  
  81  16:57  Marauder  
  83  17:17  Supply Depot  
  83  17:18  Marauder  
  85  17:39  Siege Tank, SCV  
  85  17:40  Marauder  
  91  17:51  SCV  
  91  17:56  Medivac  
  91  18:01  Marauder  
  91  18:03  SCV  
  89  18:11  Siege Tank  
  92  19:49  Supply Depot  
  92  20:10  Medivac, Thor  
  100  20:16  Marine  
  101  20:27  Supply Depot  
  101  20:49  Medivac, Marine  
  104  21:05  Supply Depot  
  104  21:07  Marine  
  104  21:10  Refinery  
Show
View Real Time Build Order
Export as new Build Order

IA (Media) Protoss 

Build Orders:  

Get SALT Encoding   

  12  0:01  Probe  
  13  0:13  Probe  
  14  0:21  Pylon  
  14  0:25  Probe  
  15  0:35  Probe  
  16  0:43  Probe  
  16  0:48  Assimilator  
  17  0:51  Gateway  
  17  0:52  Probe  
  18  1:02  Pylon  
  18  1:30  Gateway  
  18  1:34  Assimilator  
  18  1:40  Cybernetics Core  
  18  1:43  Zealot  
  20  2:06  Pylon  
  20  2:13  Adept  
  20  2:21  Warp Gate  
  22  2:35  Zealot  
  24  2:48  Adept  
  24  2:57  Pylon  
  26  3:05  Adept  
  28  3:14  Probe  
  29  3:24  Stalker  
  29  3:26  Probe  
  32  3:33  Pylon  
  32  3:37  Adept  
  32  3:38  Probe  
  35  3:50  Adept, Forge, Probe  
  32  4:15  Probe  
  32  4:16  Zealot  
  35  4:27  Probe  
  36  4:32  Zealot  
  37  4:39  Probe  
  38  4:49  Adept  
  40  5:05  Adept  
  42  5:22  Adept  
  44  5:56  Probe  
  44  6:24  Stalker  
  46  6:26  Photon Cannon, Probe  
  46  6:29  Photon Cannon  
  46  6:32  Robotics Facility  
  47  6:35  Nexus, Stargate  
  47  6:37  Sentry  
  49  6:41  Twilight Council  
  49  6:43  Pylon  
  49  6:46  Gateway  
  49  6:48  Forge  
  49  6:50  Stalker  
  38  7:03  Stalker  
  38  7:16  Stalker  
  38  7:20  Observer  
  37  7:29  Zealot  
  37  7:41  Observer  
  37  7:42  Zealot  
  40  7:48  Probe  
  41  7:52  Probe  
  41  7:55  Sentry  
  44  8:00  Pylon, Probe  
  44  8:03  Pylon  
  44  8:04  Probe  
  46  8:08  Adept  
  46  8:12  Probe  
  48  8:16  Probe  
  49  8:21  Adept  
  49  8:24  Probe  
  49  8:25  Photon Cannon  
  52  8:28  Probe  
  53  8:34  Stalker  
  53  8:36  Probe  
  53  8:40  Probe  
  55  8:47  Zealot  
  57  8:48  Probe  
  57  8:49  Photon Cannon, Probe  
  59  8:58  Probe  
  59  9:01  Probe  
  61  9:07  Observer  
  61  9:08  Probe  
  61  9:13  Probe  
  63  9:21  Probe  
  64  9:40  Zealot  
  60  9:53  Adept  
  60  9:59  Assimilator  
  62  10:05  Assimilator  
  62  10:06  Zealot  
  64  10:22  Probe  
  64  10:25  Probe  
  65  10:31  Protoss Ground Armor Level 1  
  65  10:34  Probe  
  67  10:40  Protoss Ground Weapons Level 1  
  67  10:46  Immortal  
  67  10:49  Stalker x2  
  67  10:56  Gateway  
  71  11:00  Robotics Facility  
  71  11:02  Zealot, Stargate  
  71  11:03  Templar Archives  
  73  11:09  Dark Shrine  
  71  11:12  Zealot  
  71  11:14  Fleet Beacon  
  73  11:21  Immortal, Robotics Bay  
  78  11:47  Observer  
  78  11:51  Warp Prism  
  80  12:04  Nexus  
  80  12:05  Warp Prism  
  80  12:07  Gravitic Drive  
  82  12:54  Gravitic Boosters  
  82  12:56  Observer  
  82  13:18  Probe  
  83  13:21  Probe  
  83  13:24  Probe  
  85  13:30  Probe  
  85  13:32  Probe  
  87  13:36  Probe  
  87  13:40  Probe  
  83  13:42  Pylon, Probe  
  83  13:45  Pylon  
  83  13:47  Assimilator  
  83  13:48  Probe x2  
  85  13:50  Assimilator  
  85  13:52  Probe  
  88  13:59  Probe  
  88  14:01  Probe  
  88  14:02  Probe  
  91  14:10  Probe  
  91  14:12  Probe, Protoss Ground Weapons Level 2  
  91  14:14  Protoss Ground Armor Level 2  
  93  14:28  Adept  
  93  14:30  Probe  
  95  14:34  Adept  
  95  14:36  Protoss Air Weapons Level 1  
  97  14:38  Adept  
  97  14:43  Adept  
  97  14:44  Probe  
  101  14:47  Void Ray  
  105  14:59  Probe  
  102  15:03  Probe  
  102  15:07  Probe  
  95  15:14  Pylon  
  95  15:15  Probe x2  
  96  15:31  Probe  
  96  15:34  Probe  
  98  15:39  Probe  
  98  15:46  Probe  
  98  15:47  Probe  
  100  15:53  Nexus  
  101  15:59  Pylon  
  101  16:00  Observer  
  98  16:07  Assimilator, Probe  
  98  16:09  Observer  
  98  16:15  Adept  
  98  16:17  Protoss Ground Weapons Level 3, Protoss Shields Level 1  
  98  16:18  Observer  
  92  16:20  Sentry, Protoss Air Armor Level 1  
  92  16:24  Adept  
  83  16:28  Zealot  
  83  16:30  Assimilator  
  83  16:32  Void Ray  
  67  16:37  Pylon  
  67  16:38  Adept  
  71  16:43  Adept  
  72  16:47  Sentry  
  72  16:52  Immortal  
  78  16:56  Stalker  
  80  17:01  Stalker  
  80  17:04  Nexus  
  80  17:05  Nexus  
  80  17:06  Stalker  
  84  17:10  Stalker  
  86  17:19  Zealot  
  88  17:24  Zealot  
  88  17:29  Adept  
  92  17:34  Adept  
  93  17:46  Observer  
  93  17:48  Protoss Ground Armor Level 3  
  83  17:56  Zealot  
  77  18:01  Nexus  
  57  18:08  Stalker  
  59  18:20  Stalker  
  60  18:27  Sentry  
  62  18:35  Zealot  
  62  18:41  Zealot, Observer  
  66  18:49  Stalker  
  68  18:56  Stalker  
  70  19:02  Sentry  
  70  19:09  Adept  
  74  19:15  Colossus  
  80  19:23  Tempest, Zealot  
  88  19:36  Stalker  
  90  19:42  Probe  
  90  19:43  Void Ray  
  90  19:44  Probe  
  95  19:47  Probe  
  96  19:53  Immortal  
  96  19:54  Probe  
  101  20:00  Probe  
  101  20:03  Probe  
  101  20:08  Probe  
  101  20:09  Observer  
  101  20:12  Probe  
  104  20:15  Probe  
  105  20:35  Assimilator  
  105  20:36  Assimilator  
  105  20:41  Pylon  
  105  20:45  Pylon  
  105  20:59  Stalker  
  101  21:05  Stalker  
  101  21:07  Photon Cannon  
  101  21:10  Photon Cannon  
  93  21:13  Zealot  
  95  21:20  Zealot  
  81  21:27  High Templar  
  73  21:35  High Templar  
Show
View Real Time Build Order
Export as new Build Order

IA (Media) Terran 

Build Orders:  

Get SALT Encoding   

  12  0:01  SCV  
  13  0:13  SCV  
  14  0:20  Supply Depot  
  14  0:25  SCV  
  15  0:41  SCV  
  16  0:44  Barracks  
  16  0:50  Refinery  
  16  0:53  SCV  
  17  1:05  SCV  
  18  1:18  Supply Depot  
  18  1:32  Marine  
  19  1:35  Barracks, Orbital Command  
  19  1:43  Refinery  
  19  1:50  Barracks Tech Lab  
  19  2:08  Marine  
  20  2:15  Supply Depot  
  20  2:26  Marine  
  21  2:32  Marine  
  22  2:44  Marine  
  22  2:49  Supply Depot  
  23  2:57  Marine, SCV  
  25  3:09  Marine, SCV  
  27  3:13  Engineering Bay  
  27  3:21  SCV  
  28  3:27  Marauder  
  28  3:33  Marine, SCV  
  32  3:45  SCV  
  32  3:48  Marine  
  33  3:51  Supply Depot  
  34  3:57  SCV  
  35  4:06  Marauder  
  37  4:28  Marauder  
  39  4:49  Marauder  
  40  5:50  SCV  
  41  6:32  SCV  
  41  6:35  Barracks Tech Lab  
  41  6:39  Factory  
  41  6:43  Factory  
  41  6:44  SCV  
  41  6:46  Missile Turret  
  42  6:47  Command Center  
  42  6:51  Missile Turret  
  42  6:57  Sensor Tower  
  42  7:00  Barracks  
  42  7:05  Supply Depot, Marine  
  34  7:11  Bunker  
  26  7:18  Marine  
  27  7:26  Starport, Factory Tech Lab  
  27  7:28  Armory  
  27  7:29  Factory Tech Lab  
  27  7:31  Marine  
  28  7:44  Marine  
  28  7:48  Barracks Reactor  
  29  7:57  Marine  
  30  8:00  SCV  
  30  8:03  SCV  
  31  8:10  Marine  
  31  8:12  SCV  
  33  8:15  SCV, Refinery, Starport Tech Lab  
  33  8:17  Missile Turret  
  34  8:20  Missile Turret  
  34  8:23  Marine, Refinery  
  34  8:24  SCV  
  36  8:27  SCV  
  37  8:35  Raven  
  37  8:36  SCV  
  37  8:37  Marauder  
  37  8:39  SCV  
  43  8:42  Bunker  
  43  8:48  SCV  
  43  8:50  Siege Tank  
  43  8:52  SCV  
  48  9:01  SCV  
  48  9:03  Siege Tank  
  48  9:04  SCV  
  52  9:13  SCV  
  52  9:16  Marine, SCV  
  55  9:18  Raven  
  57  9:25  SCV  
  57  9:28  SCV  
  57  9:29  Marauder  
  61  9:37  SCV  
  62  9:40  SCV  
  62  9:42  Cyclone  
  66  9:49  SCV  
  66  9:52  SCV  
  68  10:01  SCV  
  69  10:17  Marine  
  64  10:22  SCV  
  64  10:25  SCV  
  60  10:30  Marine  
  60  10:43  Marine  
  61  10:56  Marauder  
  63  11:09  Marine  
  64  11:22  Marine  
  65  11:28  Marine  
  65  11:29  Medivac  
  65  11:32  Combat Shield  
  68  11:33  Marine  
  68  11:34  Starport, Terran Infantry Weapons Level 1  
  68  11:37  Supply Depot  
  68  11:38  Marine  
  70  11:41  Ghost Academy  
  70  11:42  Command Center  
  70  11:44  Reaper  
  71  11:49  Marine, Fusion Core  
  71  11:52  Stimpack  
  64  11:55  Marine  
  64  11:56  Engineering Bay  
  64  11:59  Medivac  
  64  12:00  Marine  
  58  12:02  Armory  
  58  12:07  Marine  
  59  12:09  Starport Reactor  
  59  12:16  Marine, Reaper  
  60  12:25  Ghost  
  60  12:29  Raven  
  55  12:33  Marine  
  55  12:34  Marauder  
  51  12:37  Supply Depot, SCV  
  51  12:41  Hellion  
  39  12:48  Marine  
  39  12:49  SCV  
  36  12:51  Marine  
  36  12:55  SCV  
  36  12:57  Reaper  
  37  13:01  SCV  
  37  13:03  Marine  
  28  13:08  SCV  
  28  13:09  Marine  
  28  13:11  Missile Turret  
  28  13:12  Raven  
  24  13:13  Factory Tech Lab, SCV  
  24  13:15  Marine  
  17  13:20  SCV  
  17  13:21  Refinery  
  17  13:25  SCV  
  17  13:28  Sensor Tower  
  17  13:31  Factory Tech Lab  
  17  13:32  SCV  
  12  13:37  SCV  
  12  13:44  SCV  
  12  13:47  Command Center  
  10  13:49  SCV  
  12  13:56  SCV  
  9  14:08  SCV  
  7  14:13  Supply Depot  
  7  14:32  SCV  
  8  14:44  SCV  
  8  14:46  Command Center  
  8  14:56  SCV  
  6  15:07  Barracks  
  6  15:08  SCV  
  2  16:09  Command Center  
  2  16:14  Supply Depot  
  2  16:39  Barracks  
  1  17:30  Supply Depot  
  1  18:07  Barracks  
Show
View Real Time Build Order
Export as new Build Order

IA (Media) Terran 

Build Orders: 2 Factory 

Get SALT Encoding   

  12  0:01  SCV  
  13  0:13  SCV  
  14  0:20  Supply Depot  
  14  0:25  SCV  
  15  0:41  SCV  
  16  0:44  Barracks  
  16  0:53  SCV  
  17  1:05  SCV  
  18  1:22  Command Center  
  18  1:32  Marine  
  19  1:34  Orbital Command  
  19  1:40  Supply Depot  
  19  1:46  Refinery  
  19  1:50  Marine  
  20  1:59  SCV  
  21  2:06  Barracks  
  21  2:11  SCV, Refinery  
  22  2:28  SCV  
  23  2:34  Marine  
  24  2:41  SCV  
  25  2:46  Factory  
  25  2:49  Refinery  
  25  2:52  Barracks Tech Lab  
  26  2:58  SCV  
  26  3:02  SCV  
  27  3:11  Barracks Tech Lab, Refinery  
  27  3:12  Marauder  
  29  3:14  SCV  
  30  3:29  Factory, Factory Tech Lab  
  30  3:32  Marine  
  31  3:35  SCV  
  31  3:39  SCV  
  33  3:47  Marine, SCV  
  35  3:59  Starport  
  35  4:02  Marauder  
  37  4:08  Supply Depot, SCV  
  38  4:11  SCV  
  38  4:13  Factory Tech Lab  
  38  4:17  Reaper  
  38  4:20  SCV  
  38  4:23  SCV  
  41  4:32  Marine, SCV  
  41  4:38  Medivac  
  45  4:39  Supply Depot, SCV  
  45  4:44  SCV  
  47  4:49  Marine  
  47  4:51  SCV  
  49  5:00  SCV  
  49  5:02  Marine  
  49  5:05  Supply Depot  
  49  5:06  SCV  
  52  5:12  SCV  
  53  5:17  Marine  
  53  5:18  SCV  
  55  5:28  SCV  
  56  5:29  Supply Depot  
  56  5:31  SCV  
  56  5:32  Marine  
  58  5:36  Medivac  
  58  5:40  SCV  
  61  5:48  Marauder  
  63  5:51  Engineering Bay, SCV  
  63  5:54  Supply Depot  
  63  5:55  SCV  
  65  6:03  Marauder, SCV  
  68  6:06  Starport Tech Lab  
  68  6:07  SCV  
  69  6:16  SCV  
  69  6:18  Marauder  
  72  6:19  Supply Depot, SCV  
  72  6:21  Missile Turret  
  72  6:24  Missile Turret  
  73  6:26  Missile Turret  
  73  6:27  Raven  
  73  6:28  SCV  
  73  6:29  Missile Turret  
  73  6:31  SCV  
  77  6:33  Reaper  
  77  6:37  Sensor Tower  
  77  6:39  Armory  
  78  6:40  SCV  
  78  6:43  Barracks, SCV  
  80  6:49  Supply Depot  
  80  6:51  Ghost Academy  
  80  6:57  Bunker  
  80  6:58  SCV  
  80  7:04  Bunker  
  80  7:05  Marine  
  79  7:10  Raven  
  80  7:20  Marine  
  81  7:31  Barracks Reactor  
  81  7:35  Reaper  
  82  7:50  Ghost  
  83  9:46  Command Center  
  82  9:56  Raven  
  82  9:57  Combat Shield  
  82  9:58  Terran Infantry Weapons Level 1  
  84  10:02  Starport  
  84  10:07  Fusion Core  
  84  10:13  Engineering Bay  
  84  10:18  Stimpack  
  84  10:19  Marauder  
  84  10:20  Armory  
  77  10:24  Marine  
  63  10:29  Marine  
  63  10:34  Marine  
  64  10:38  Starport Reactor  
  64  10:39  Terran Infantry Armor Level 1  
  64  10:40  Marine  
  65  10:46  Marine  
  66  10:51  Marine  
  66  10:56  Marine  
  68  10:59  SCV  
  68  11:02  Marauder, SCV, Refinery  
  71  11:05  SCV  
  71  11:07  Marauder  
  74  11:11  Marine  
  74  11:12  SCV  
  74  11:15  Missile Turret, SCV  
  74  11:16  Concussive Shells  
  74  11:17  Marine, Missile Turret, SCV  
  79  11:19  Refinery  
  79  11:22  Marine  
  80  11:28  Marauder  
  82  11:39  Bunker  
  82  11:40  Ghost  
  84  11:51  Marine  
  82  11:56  Marine  
  83  12:02  Marine  
  84  13:25  Siege Tank  
  87  13:30  Supply Depot, Terran Infantry Weapons Level 2  
  87  13:31  Siege Tank  
  87  13:32  Terran Ship Weapons Level 1, Terran Infantry Armor Level 2  
  87  13:33  Terran Vehicle Weapons Level 1  
  90  13:37  Marine  
  90  13:42  Marine  
  91  13:55  SCV  
  91  13:57  Thor, Marine  
  91  13:59  Supply Depot  
  91  14:02  Marine  
  91  14:05  Raven  
  91  14:08  Marine  
  79  14:13  Marine  
  80  14:18  Marine  
  80  14:24  Marine  
  81  14:29  Marine  
  83  14:34  Marine  
  84  14:39  Marine  
  84  14:45  Marine  
  86  14:48  Raven  
  86  14:49  Command Center  
  86  14:51  Siege Tank  
  91  14:56  Hellion  
  93  15:17  Siege Tank  
  96  15:23  Siege Tank  
  96  15:26  Terran Vehicle And Ship Armor Level 1  
  96  15:28  Terran Vehicle Weapons Level 2  
  99  15:47  Terran Infantry Weapons Level 3  
  99  15:49  Siege Tank  
  102  15:50  Terran Infantry Armor Level 3  
  102  15:55  Hellion  
  104  16:11  Missile Turret  
  104  16:14  Missile Turret  
  104  16:16  Siege Tank  
  107  16:21  Siege Tank, Refinery  
  107  16:24  Refinery  
  110  16:35  Bunker  
  110  17:17  Marauder  
  110  17:19  Marauder  
  110  17:21  Terran Vehicle And Ship Armor Level 2, Marine  
  115  17:23  Supply Depot, Marine  
  115  17:28  Cyclone  
  119  17:38  Marauder  
  119  17:39  Marine  
  119  17:41  Marauder, Marine  
  97  17:56  Raven  
  97  17:57  Medivac, Marine  
  97  17:58  Medivac  
  80  17:59  Marine x2  
  80  18:01  Marine, Siege Tank  
  80  18:04  Siege Tank  
  85  18:14  Marine  
  85  18:17  Marine x2  
  85  18:19  Marine  
  89  18:32  Marine  
  90  18:35  Marauder, Marine  
  90  18:38  Marauder  
  90  18:39  Raven  
  97  18:50  Marine  
  97  18:52  Marine  
  98  18:56  Marine  
  98  18:58  Marine  
  100  19:08  Marine  
  101  19:10  Marine  
  101  19:14  Marine  
  101  19:16  Marine  
  104  19:21  Raven  
  106  19:26  Marine  
  102  20:44  Hellion  
  102  20:49  Thor  
  105  21:05  Siege Tank  
  89  21:14  Marine  
Show
View Real Time Build Order
Export as new Build Order

IA (Media) Protoss 

Build Orders:  

Get SALT Encoding   

  12  0:01  Probe  
  13  0:13  Probe  
  14  0:20  Pylon  
  14  0:25  Probe  
  15  0:34  Probe  
  16  0:42  Probe  
  16  0:48  Assimilator  
  17  0:50  Gateway  
  17  0:51  Probe  
  18  1:02  Pylon  
  18  1:29  Gateway  
  18  1:34  Assimilator  
  18  1:40  Cybernetics Core  
  18  1:43  Zealot  
  20  2:08  Pylon  
  20  2:12  Adept  
  20  2:21  Warp Gate  
  24  2:37  Zealot  
  24  2:53  Adept, Pylon  
  26  3:12  Adept  
  26  3:13  Probe  
  29  3:25  Probe  
  30  3:33  Pylon  
  30  3:34  Stalker  
  30  3:38  Probe  
  33  3:47  Adept  
  33  3:50  Forge, Probe  
  26  4:14  Stalker  
  28  4:23  Zealot  
  30  4:38  Probe  
  30  4:42  Adept  
  33  4:51  Probe  
  34  5:02  Zealot  
  36  5:08  Probe  
  36  5:21  Adept  
  38  5:40  Adept  
  40  5:56  Probe  
  40  5:59  Adept  
  42  6:19  Adept  
  42  6:23  Probe  
  44  6:38  Adept  
  46  6:52  Probe  
  46  6:53  Adept  
  32  7:04  Probe  
  32  7:06  Photon Cannon  
  32  7:08  Stalker  
  33  7:09  Pylon  
  33  7:14  Robotics Facility  
  33  7:15  Nexus  
  31  7:18  Stargate  
  31  7:20  Photon Cannon  
  31  7:22  Stalker  
  31  7:37  Stalker  
  30  7:51  Stalker  
  32  7:59  Twilight Council  
  32  8:02  Observer  
  33  8:05  Zealot  
  33  8:12  Gateway  
  35  8:16  Observer  
  35  8:20  Adept  
  35  8:22  Forge  
  35  8:25  Probe  
  37  8:31  Probe  
  37  8:33  Probe  
  39  8:34  Adept  
  36  8:43  Probe  
  31  8:48  Stalker  
  27  8:55  Void Ray  
  26  9:10  Stalker, Probe  
  24  9:17  Stalker, Probe  
  25  9:27  Probe  
  22  9:31  Probe  
  22  9:32  Sentry  
  23  9:44  Probe  
  18  9:47  Probe  
  14  9:56  Probe  
  14  9:59  Probe  
  16  10:08  Probe  
  16  10:11  Probe  
  18  10:18  Probe  
  19  10:22  Stalker  
  22  10:28  Probe  
  22  10:29  Probe  
  23  10:40  Probe  
  24  10:46  Probe  
  24  10:53  Probe  
  25  10:58  Probe  
  23  11:05  Stalker  
  23  11:15  Stalker  
  19  11:27  Stalker  
  17  11:34  Probe  
  13  11:42  Probe  
  13  12:03  Templar Archives  
  11  12:36  Gateway  
  11  13:03  Probe  
  11  13:11  Probe  
  12  13:21  Probe  
  13  13:31  Probe  
  9  13:42  Probe  
  10  13:51  Pylon  
  8  14:06  Probe  
Tags
 
Add a new tag
Caveats
  • Supply blocks, unpowered buildings, or Contaminate may cause inaccurate times.
  • Supply counts are checked every 10 seconds.